 Dungeon Crawl Stone Soup version 0.28.0-53-g5a82cb258f (webtiles) character file.

Game seed: 47408467053817918

12681 quixfox the Cleaver (level 11, 0/102 HPs)
             Began as a Minotaur Fighter on July 13, 2022.
             Was a High Priest of Okawaru.
             Slain by a red ugly thing (20 damage)
             ... on level 11 of the Dungeon.
             The game lasted 00:23:50 (13837 turns).

quixfox the Cleaver (Minotaur Fighter)             Turns: 13837, Time: 00:23:52

Health: 0/102      AC: 25    Str: 31    XL:     11   Next: 65%
Magic:  24/24      EV: 10    Int: 12    God:    Okawaru [*****.]
Gold:   560        SH:  5    Dex: 13    Spells: 10/10 levels left

rFire   . . .      SeeInvis .   a - +2 battleaxe
rCold   . . .      Faith    .   (shield currently unavailable)
rNeg    . . .      Spirit   .   x - +0 plate armour
rPois   .          Reflect  +   F - +3 hat of Pondering {ponderous, Will+ MP+10 Int+5}
rElec   .          Harm     .   t - +2 cloak of Knowledge {Dex+3}
rCorr   .          Rampage  .   z - +0 pair of gloves
Will    +....                   (no boots)
Stlth   ..........              e - amulet of reflection
HPRegen 0.27/turn               j - +6 ring of strength
MPRegen 0.19/turn               (no ring)

@: heroic, slow
A: horns 2, retaliatory headbutt, clever 1
a: Renounce Religion, Heroism, Finesse, Duel


You were on level 11 of the Dungeon.
You worshipped Okawaru.
Okawaru was extremely pleased with you.
You visited 2 branches of the dungeon, and saw 12 of its levels.
You also visited: Sewer.

You collected 560 gold pieces.

Inventory:

Hand Weapons
 a - a +2 battleaxe (weapon)
 b - the +1 hand crossbow of Esof {flame, rPois rF- rCorr Str+8}
   (You found it on level 10 of the Dungeon)

   Any ammunition fired from it burns those it strikes, dealing additional fire
   damage.
   Str:       It affects your strength (+8).
   rF:        It makes you vulnerable to fire.
   rPois:     It protects you from poison.
   rCorr:     It protects you from acid and corrosion.
 A - a +1 war axe
Missiles
 u - 6 boomerangs (quivered)
 G - 48 bolts
Armour
 c - a +0 buckler
 f - a scarf of resistance
 t - the +2 cloak of Knowledge (worn) {Dex+3}
   (You acquired it on level 7 of the Dungeon)

   Dex:       It affects your dexterity (+3).
 x - a +0 plate armour (worn)
 z - a +0 pair of gloves (worn)
 F - the +3 hat of Pondering (worn) {ponderous, Will+ MP+10 Int+5}
   (You took it off Gastronok on level 10 of the Dungeon)

   Int:       It affects your intelligence (+5).
   MP:        It affects your magic capacity (+10).
   Will:      It increases your willpower.
Jewellery
 e - an amulet of reflection (around neck)
 j - a +6 ring of strength (left hand)
 B - a +6 ring of intelligence
Wands
 n - a wand of iceblast (14)
Scrolls
 l - a scroll of fog {unknown}
 o - 6 scrolls of teleportation
 s - a scroll of blinking
 w - a scroll of enchant weapon
 y - a scroll of torment {unknown}
 C - a scroll of noise {unknown}
 D - a scroll of holy word {unknown}
Potions
 d - 3 potions of lignification
 g - 3 potions of brilliance
 h - a potion of resistance
 i - 3 potions of mutation
 k - a potion of curing
 m - 2 potions of invisibility
 p - a potion of heal wounds
 q - a potion of might
 r - a potion of magic {unknown}
 v - 2 potions of flight
 E - 2 potions of haste


   Skills:
 + Level 11.2(16.2) Fighting
 * Level 14.9(19.9) Axes
 + Level 11.2(16.2) Armour
 - Level 3.6(8.6) Shields
 + Level 6.3 Invocations


You had 10 spell levels left.
You didn't know any spells.
Your spell library contained the following spells:

 Spells                   Type           Power      Damage    Failure   Level
 Apportation              Tloc           0%         N/A       85%         1
 Sting                    Tmut/Pois      0%         1d3       85%         1
 Poisonous Vapours        Pois/Air       0%         N/A       94%         2
 Dazzling Flash           Conj/Hex       0%         N/A       99%         3
 Gell's Gravitas          Tloc           0%         N/A       99%         3
 Teleport Other           Tloc           0%         N/A       99%         3
 Olgreb's Toxic Radiance  Pois           0%         N/A       100%        4
 Agony                    Necr           0%         N/A       100%        5
 Silence                  Hex/Air        0%         N/A       100%        5
 Dispersal                Tloc           0%         N/A       100%        6
 Borgnjor's Revivificati  Necr           0%         N/A       100%        8
 Necromutation            Tmut/Necr      0%         N/A       100%        8
 Death's Door             Necr           0%         N/A       100%        9
 Animate Skeleton         Necr           Unusable   N/A       N/A         1
 Summon Small Mammal      Summ           Unusable   N/A       N/A         1
 Animate Dead             Necr           Unusable   N/A       N/A         4
 Haunt                    Necr/Summ      Unusable   N/A       N/A         7
 Infestation              Necr           Unusable   N/A       N/A         8

Dungeon Overview and Level Annotations

Branches:
Dungeon (11/15)            Temple (1/1) D:6            Lair (0/6) D:8
  Sewer (visited)
    Orc: D:9-12

Altars:
Ashenzari
Cheibriados
Dithmenos
Elyvilon
Fedhas
Gozag
Hepliaklqana
Kikubaaqudgha
Makhleb
Nemelex Xobeh
Okawaru
Qazlal
Ru
Sif Muna
Trog
Uskayaw
Vehumet
Wu Jian
Xom
Yredelemnul
Zin
The Shining One

Shops:
D:9 [

Annotations:
D:7 3 runed translucent doors, Tollund's ghost, novice HOMo


Innate Abilities, Weirdness & Mutations

You have a pair of horns on your head.
You reflexively headbutt those who attack you in melee.
Your mind is acute. (Int +2)


Message History

The sentinel's mark upon you fades away.
The centaur unwields a +0 shortbow.
The centaur barely misses you. You furiously retaliate!
You headbutt the centaur! The centaur closely misses you.
Things that are here:
an ugly thing corpse; a warg corpse; a warg corpse You slash the centaur!
You kill the centaur!
Okawaru accepts your kill.
You slice the warg!! You headbutt the warg!
You kill the warg!
Okawaru accepts your kill.
You closely miss the red ugly thing. The red ugly thing stings you.
You are engulfed in flames!!
You slice the red ugly thing!!
The red ugly thing is moderately wounded.
You closely miss the shadow.
The red ugly thing stings you but does no damage.
The shadow slips into darkness.
The shadow flickers and vanishes!
Deactivating autopickup; reactivate with Ctrl-A.
You hit the red ugly thing but do no damage.
The red ugly thing is moderately wounded.
You slash something! You hit the red ugly thing.
The red ugly thing is heavily wounded.
You barely miss something.
The shadow slips into darkness.
The shadow flickers and vanishes!
The shadow strikes at you from the darkness!
Reactivating autopickup.
The red ugly thing stings you!
You are engulfed in flames!
* * * LOW HITPOINT WARNING * * *
You closely miss the red ugly thing.
The red ugly thing is heavily wounded.
You barely miss the shadow. You block the shadow's attack.
The red ugly thing stings you!
* * * LOW HITPOINT WARNING * * *
You are engulfed in flames!!
You die...

.#### #......# ....#
####....### ....#
#....#### ....# #.####
...## #.# ...# ###.#
...# ###...# ...#
######...###
...##########{Du@W.###
..........#...######
#.##......#.###
...#........#
...#.......##
8_8##...#..#
#####.#...## #.##..#
..#.##


You could see a red ugly thing, an acid dragon and a shadow.

Vanquished Creatures
  Gastronok (D:10)
  Harold (D:8)
  A boulder beetle (D:10)
  2 two-headed ogres
  Pikel (D:6)
  2 ugly things
  A deep elf pyromancer (D:8)
  2 centaur zombies
  An unseen horror (D:11)
  Maggie (D:7)
  A hornet (D:9)
  Grinder (D:4)
  2 meliai zombies
  2 shadows
  A vampire (D:10)
  2 vampire mosquitoes (D:11)
  4 wargs (D:11)
  Menkaure (D:6)
  Duvessa (D:5)
  4 orc warriors
  A water moccasin (D:5)
  A hornet zombie (D:6)
  2 necrophages
  A black bear (D:7)
  3 sky beasts
  An ogre (D:5)
  3 centaurs
  A phantom (D:7)
  4 kobold brigands
  2 bullfrogs
  A gnoll sergeant (D:6)
  A wyvern zombie (D:7)
  A scorpion (D:5)
  Dowan (D:5)
  6 killer bees (D:9)
  13 wights
  3 howler monkeys
  7 orc priests
  A centaur skeleton (D:7)
  3 hounds
  A jelly (D:3)
  Natasha (thrice) (D:4)
  A gnoll shaman (D:8)
  4 iguanas
  5 orc wizards
  A killer bee zombie (D:8)
  A hound zombie (D:5)
  A hound skeleton (D:4)
  A howler monkey zombie (D:10)
  16 gnolls
  8 adders
  4 river rats (D:4)
  2 shadow imps (D:6)
  2 white imps
  An ufetubus (D:6)
  An adder skeleton (D:4)
  4 worms
  A dart slug (D:3)
  33 orcs
  17 ball pythons
  6 endoplasms
  4 giant cockroaches
  4 goblins
  3 hobgoblins (D:4)
  2 quokkas
  5 bats
  2 frilled lizards
  36 kobolds
  6 rats
263 creatures vanquished.

Vanquished Creatures (others)
  A kobold (D:7)
  3 plants (Sewer)
4 creatures vanquished.

Grand Total: 267 creatures vanquished

Notes
Turn   | Place    | Note
-------+----------+-------------------------------------------
     0 | D:1      | quixfox the Minotaur Fighter began the quest for the Orb.
     0 | D:1      | Reached XP level 1. HP: 19/19 MP: 0/0
   385 | D:1      | Reached skill level 3 in Axes
   385 | D:1      | Reached XP level 2. HP: 27/27 MP: 1/1
   630 | D:1      | Found a faded altar of an unknown god.
  1013 | D:2      | Reached XP level 3. HP: 33/33 MP: 2/2
  1576 | D:3      | Reached skill level 4 in Axes
  1651 | D:3      | Reached XP level 4. HP: 25/41 MP: 3/3
  1978 | D:3      | Reached XP level 5. HP: 37/47 MP: 4/4
  2152 | D:3      | Reached skill level 5 in Axes
  2848 | D:4      | Found a glowing drain.
  2854 | D:4      | Reached skill level 5 in Armour
  2864 | Sewer    | Entered a sewer
  2935 | Sewer    | Reached skill level 5 in Fighting
  3168 | Sewer    | Reached XP level 6. HP: 36/56 MP: 5/5
  3300 | Sewer    | Reached skill level 6 in Axes
  3574 | D:4      | Gained mutation: You are weak. (Str -2) [potion of
                  | mutation]
  3574 | D:4      | Gained mutation: You are dopey. (Int -2) [potion of
                  | mutation]
  3575 | D:4      | Lost mutation: You are dopey. (Int -2) [potion of mutation]
  3575 | D:4      | Lost mutation: You are weak. (Str -2) [potion of mutation]
  3575 | D:4      | Gained mutation: Your mind is acute. (Int +2) [potion of
                  | mutation]
  3738 | D:4      | Noticed Grinder
  3777 | D:4      | Paralysed by Grinder for 4 turns
  3781 | D:4      | Killed Grinder
  3782 | D:4      | Reached XP level 7. HP: 20/62 MP: 6/6
  4040 | D:4      | Reached skill level 7 in Axes
  4180 | D:4      | Noticed Natasha
  4184 | D:4      | Killed Natasha
  4190 | D:4      | Noticed Natasha
  4195 | D:4      | Killed Natasha
  4502 | D:4      | Noticed Natasha
  4509 | D:4      | Killed Natasha
  4527 | D:5      | Entered Level 5 of the Dungeon
  4552 | D:5      | Reached skill level 8 in Axes
  4775 | D:5      | Reached XP level 8. HP: 71/71 MP: 7/7
  4953 | D:5      | Noticed Duvessa
  4954 | D:5      | Noticed Dowan
  4966 | D:5      | Killed Duvessa
  4967 | D:5      | Reached skill level 9 in Axes
  4970 | D:5      | Killed Dowan
  5727 | D:6      | Found a staircase to the Ecumenical Temple.
  5737 | Temple   | Entered the Ecumenical Temple
  5763 | Temple   | Became a worshipper of Warmaster Okawaru
  5915 | D:6      | Noticed Pikel
  5927 | D:6      | Killed Pikel
  5927 | D:6      | Reached * piety under Okawaru
  5928 | D:6      | Reached skill level 10 in Axes
  5928 | D:6      | Reached XP level 9. HP: 80/81 MP: 8/8
  5968 | D:6      | You fall into a shaft and drop 3 floors!
  6145 | D:8      | Found a glowing silver altar of Zin.
  6145 | D:8      | Found a white marble altar of Elyvilon.
  6178 | D:8      | Found a shadowy altar of Dithmenos.
  6283 | D:8      | Noticed a deep elf pyromancer
  6451 | D:6      | Reached skill level 11 in Axes
  6451 | D:6      | Reached skill level 1 in Invocations
  6680 | D:6      | Noticed Menkaure
  6689 | D:6      | Killed Menkaure
  7025 | D:7      | Identified a scroll of acquirement
  7025 | D:7      | Acquired the +2 cloak of Knowledge {Dex+3}
  7053 | D:7      | Reached ** piety under Okawaru
  7095 | D:7      | Noticed Maggie
  7111 | D:7      | Killed Maggie
  7349 | D:7      | Found a runed translucent gate.
  7350 | D:7      | Found a runed translucent gate.
  7351 | D:7      | Found a runed translucent gate.
  7351 | D:7      | Noticed a gargoyle
  7503 | D:7      | Noticed Tollund's ghost (novice HOMo)
  7677 | D:7      | Reached *** piety under Okawaru
  7678 | D:7      | Reached skill level 12 in Axes
  7904 | D:7      | Reached XP level 10. HP: 91/91 MP: 11/11
  8441 | D:8      | Killed a deep elf pyromancer
  8622 | D:8      | Noticed Harold
  8638 | D:8      | Killed Harold
  8638 | D:8      | Received a gift from Okawaru
  8992 | D:8      | Found a staircase to the Lair.
  9653 | D:9      | Found Saputzuy's Armour Shop.
  9871 | D:9      | Paralysed by a hornet for 2 turns
  9876 | D:9      | Paralysed by a hornet for 3 turns
 10148 | D:9      | Reached skill level 13 in Axes
 10433 | D:9      | Reached skill level 10 in Fighting
 10587 | D:9      | Reached skill level 10 in Armour
 10810 | D:10     | Entered Level 10 of the Dungeon
 11101 | D:10     | Reached **** piety under Okawaru
 11227 | D:10     | Noticed a boulder beetle
 11530 | D:10     | Killed a boulder beetle
 11531 | D:10     | Reached skill level 5 in Invocations
 11869 | D:10     | Noticed a two-headed ogre
 11869 | D:10     | Noticed a brown ugly thing
 11880 | D:10     | Killed a brown ugly thing
 11881 | D:10     | Reached XP level 11. HP: 92/101 MP: 10/13
 11885 | D:10     | Killed a two-headed ogre
 12071 | D:10     | Identified the +1 hand crossbow of Esof {flame, rPois rF-
                  | rCorr Str+8}
 12098 | D:10     | Reached ***** piety under Okawaru
 12099 | D:10     | Reached skill level 14 in Axes
 12355 | D:10     | Noticed Gastronok
 12371 | D:10     | Killed Gastronok
 12714 | D:10     | Found a shimmering altar of Xom.
 12715 | D:10     | Found a shimmering altar of Xom.
 12715 | D:10     | Found a shimmering altar of Xom.
 12718 | D:10     | Found a shimmering altar of Xom.
 12718 | D:10     | Found a shimmering altar of Xom.
 12719 | D:10     | Found a shimmering altar of Xom.
 12719 | D:10     | Noticed a fire crab
 13049 | D:10     | Noticed a shining eye
 13102 | D:11     | Found an opulent altar of Gozag.
 13102 | D:11     | Noticed a two-headed ogre
 13121 | D:11     | Killed a two-headed ogre
 13810 | D:11     | Noticed a cyan ugly thing
 13811 | D:11     | Received a gift from Okawaru
 13827 | D:11     | Noticed a red ugly thing
 13829 | D:11     | Killed a cyan ugly thing
 13837 | D:11     | Slain by a red ugly thing

Illustrated notes

Levels and vault maps discovered:
D:1:      lemuel_arrival_hallway, layout_loops_ring,
          ebering_ecumenical_altar_abandoned
D:2:      layout_loops_cross
D:3:      layout_basic
D:4:      layout_basic, portal_sewer_entry_e, uniq_natasha, uniq_grinder
D:5:      layout_basic, uniq_duvessa
D:6:      layout_basic, minmay_temple_entry_trees, uniq_menkaure, uniq_pikel
D:7:      layout_loops_corners, gammafunk_ghost_split, uniq_maggie
D:8:      layout_layer_cave, grunt_temple_overflow_open, lair_entry_dummy,
          onia_ninara_dug_in_and_dangerous, uniq_harold
D:9:      layout_irregular_city, serial_shops, nicolae_shop_statue_plus
D:10:     layout_layer_cave, xom_shifter_show, minmay_misc_feat_rugged,
          minmay_checkerbox, uniq_gastronok
D:11:     layout_rooms, minmay_orc_entry_guard_dogs,
          hangedman_abyss_or_decor_passed, grunt_gozag_breadcrumbs
Temple:   hc_temple_tempest_star

Skill      XL: |  1  2  3  4  5  6  7  8  9 10 11 |
---------------+----------------------------------+-----
Axes           | 3 4 5 6 8 10 12 13 14 | 14.9
Fighting       | 4 5 6 8 9 10 11 | 11.2
Armour         | 4 5 6 8 9 10 11 | 11.2
Invocations    | 3 5 6 |  6.3
Shields        | |  3.6

Action                   |  1- 3 |  4- 6 |  7- 9 | 10-12 || total
-------------------------+-------+-------+-------+-------++-------
Melee: War axe           |    73 |   141 |   267 |   142 ||   623
       Headbutt          |    10 |    23 |    55 |    49 ||   137
       Battleaxe         |       |       |       |   121 ||   121
Throw: Boomerang         |       |       |       |     4 ||     4
Invok: Heroism           |       |       |     1 |     6 ||     7
  Use: Scroll            |       |    11 |     4 |     4 ||    19
       Potion            |       |     3 |       |     1 ||     4
Armor: Scale mail        |    25 |       |       |       ||    25
       Chain mail        |    16 |    66 |    71 |       ||   153
       Plate armour      |       |       |    13 |   183 ||   196
Dodge: Dodged            |    34 |    58 |    63 |    67 ||   222
Block: Buckler           |    15 |    33 |    98 |    60 ||   206
       Reflection        |       |       |     3 |     5 ||     8
       Other             |       |       |       |    26 ||    26
